 Dungeon Crawl Stone Soup version 0.30-a0-778-g2ef04afb54 (webtiles) character file.

Game seed: 7421543690889455692

3115 IndexError the Skirmisher (level 9, -1/59 HPs)
             Began as a Deep Elf Hunter on Feb 15, 2023.
             Was a Believer of Fedhas.
             Slain by a two-headed ogre
             ... wielding a +0 giant spiked club
              (13 damage)
             ... on level 7 of the Dungeon on Feb 16, 2023.
             The game lasted 00:24:58 (7935 turns).

IndexError the Skirmisher (Deep Elf Hunter)         Turns: 7935, Time: 00:24:59

Health: -1/59      AC: 11    Str:  8    XL:     9   Next: 60%
Magic:  14/14      EV: 22    Int: 15    God:    Fedhas [**....]
Gold:   412        SH:  0    Dex: 28    Spells: 8/8 levels left

rFire   . . .      SeeInvis .    b - +9 hand axe of Indomitability {heavy, rElec}
rCold   . . .      Faith    .    (no shield)
rNeg    . . .      Spirit   .    C - +2 robe {Will+}
rPois   +          Reflect  .    z - +0 helmet
rElec   +          Harm     .    i - +1 cloak {rPois}
rCorr   .          Rampage  .    (no gloves)
Will    +....                    (no boots)
Stlth   +++                      (no amulet)
HPRegen 0.29/turn                r - +6 ring of dexterity
MPRegen 0.14/turn                B - +4 ring of protection

@: studying Dodging
A: no striking features
a: Renounce Religion, Wall of Briars


You were on level 7 of the Dungeon.
You worshipped Fedhas.
Fedhas was pleased with you.
You visited 2 branches of the dungeon, and saw 9 of its levels.

You collected 412 gold pieces.

Inventory:

Hand Weapons
 a - a +0 shortbow
 b - the +9 hand axe of Indomitability (weapon) {heavy, rElec}
   (You found it on level 3 of the Dungeon)

   rElec:     It insulates you from electricity.
Missiles
 g - a throwing net {=f, !d}
 n - 6 curare-tipped darts
Armour
 c - a +0 leather armour
 h - a +0 scale mail
   (You found it on level 1 of the Dungeon)
 i - a +1 cloak of poison resistance (worn)
   (You acquired it on level 7 of the Dungeon)
 u - a +0 leather armour
   (You found it on level 3 of the Dungeon)
 x - a +0 robe
   (You found it on level 3 of the Dungeon)
 y - a +0 scale mail
   (You took it off Terence on level 3 of the Dungeon)
 z - a +0 helmet (worn)
   (You found it on level 3 of the Dungeon)
 A - a +0 chain mail
   (You found it on level 4 of the Dungeon)
 C - a +2 robe of willpower (worn)
   (You took it off Blork the orc on level 4 of the Dungeon)
 D - a +0 leather armour
   (You took it off an orc on level 4 of the Dungeon)
 G - a +0 robe
   (You took it off an orc wizard on level 4 of the Dungeon)
 I - +0 steam dragon scales
   (You found it on level 7 of the Dungeon)
 K - a +0 chain mail
   (You took it off an orc warrior on level 6 of the Dungeon)
 M - a +0 ring mail
   (You took it off an orc on level 4 of the Dungeon)
 N - a +0 robe
   (You took it off an orc wizard on level 5 of the Dungeon)
 O - a +0 chain mail
   (You found it on level 5 of the Dungeon)
 Q - a +0 leather armour
   (You took it off a gnoll bouda on level 5 of the Dungeon)
 T - a +0 robe
   (You took it off an orc wizard on level 5 of the Dungeon)
 U - a +0 robe
   (You took it off an orc wizard on level 5 of the Dungeon)
 V - a +0 ring mail
   (You took it off an orc on level 5 of the Dungeon)
 W - a +0 ring mail
   (You found it on level 5 of the Dungeon)
 Y - a +0 leather armour of cold resistance
   (You took it off Edmund on level 5 of the Dungeon)
Magical Staves
 l - a staff of air {rElec}
   (You found it on level 2 of the Dungeon)
 s - a staff of fire {rF+}
   (You found it on level 3 of the Dungeon)
Jewellery
 r - a +6 ring of dexterity (left hand)
   (You found it on level 2 of the Dungeon)
 B - a +4 ring of protection (right hand)
   (You found it on level 4 of the Dungeon)
Wands
 j - a wand of roots (8)
   (You found it on level 6 of the Dungeon)
 o - a wand of light (18)
   (You found it on level 2 of the Dungeon)
 H - a wand of paralysis (9)
   (You took it off an orc on level 4 of the Dungeon)
Scrolls
 e - a scroll of brand weapon
 f - 2 scrolls of teleportation
 m - a scroll of noise {unknown}
 t - a scroll of immolation {!r}
 w - a scroll of magic mapping {!r}
 E - a scroll of blinking {!r}
 P - a scroll of butterflies {unknown}
Potions
 d - 4 potions of curing {unknown}
 k - 2 potions of mutation {!q}
 p - 2 potions of flight
 q - 2 potions of cancellation
 v - a potion of heal wounds
 F - a potion of magic
 J - a potion of brilliance
 L - a potion of attraction {!q}
 R - a potion of might
 S - a potion of resistance


   Skills:
 + Level 7.9 Fighting
 - Level 10.0 Ranged Weapons
 - Level 10.0 Dodging
 - Level 1.2 Stealth
 + Level 5.1 Invocations


You had 8 spell levels left.
You didn't know any spells.
Your spell library contained the following spells:

 Spells                   Type           Power      Damage    Failure   Level
 Necrotise                Necr           0%         1d4       26%         1
 Summon Small Mammal      Summ           0%         N/A       26%         1
 Cigotuvi's Dreadful Rot  Necr/Pois/Air  0%         N/A       38%         2
 Lesser Beckoning         Tloc           0%         N/A       38%         2
 Poisonous Vapours        Pois/Air       0%         N/A       38%         2
 Sublimation of Blood     Necr           0%         N/A       38%         2
 Wereblood                Tmut           0%         N/A       38%         2
 Call Canine Familiar     Summ           0%         N/A       63%         3
 Gell's Gravitas          Tloc           0%         N/A       63%         3
 Ignite Poison            Fire/Tmut/Pois 0%         N/A       63%         3
 Mephitic Cloud           Conj/Pois/Air  0%         N/A       63%         3
 Summon Guardian Golem    Hex/Summ       0%         N/A       63%         3
 Teleport Other           Tloc           0%         N/A       63%         3
 Vampiric Draining        Necr           0%         2d6       63%         3
 Petrify                  Tmut/Erth      0%         N/A       95%         4
 Sticky Flame             Conj/Fire      0%         2d3       95%         4
 Agony                    Necr           0%         N/A       100%        5
 Metabolic Englaciation   Hex/Ice        0%         N/A       100%        5
 Statue Form              Tmut/Erth      0%         N/A       100%        6
 Summon Hydra             Summ           0%         N/A       100%        7
 Ignition                 Fire           0%         3d3       100%        8


Dungeon Overview and Level Annotations

Branches:
Dungeon (8/15)             Temple (1/1) D:4
   Lair: D:8-11

Altars:
Ashenzari
Cheibriados
Dithmenos
Elyvilon
Fedhas
Gozag
Hepliaklqana
Kikubaaqudgha
Makhleb
Nemelex Xobeh
Okawaru
Qazlal
Ru
Sif Muna
Trog
Uskayaw
Vehumet
Wu Jian
Xom
Yredelemnul
The Shining One

Shops:
D:2 :   D:4 ?

Annotations:
D:7 exclusion: door


Message History

There is an open door here.
Things that are here:
a +0 ring mail; a +0 flail You shoot an arrow.
The arrow barely misses the ice beast.
You shoot an arrow.
The arrow hits the ice beast but does no damage.
Spoiler Alert: The ice beast can hit for moderate damage in melee!
You shoot an arrow. The arrow hits the ice beast.
Unknown command.
b - the +9 hand axe of Indomitability (weapon)
{heavy, rElec} You slash the ice beast!
The ice beast hits you. The ice beast freezes you!
The ice beast completely misses you.
You take 11 damage, and have 48/59 hp.
You closely miss the ice beast. The ice beast misses you.
The ice beast completely misses you.
Spoiler Alert: The ice beast can hit for moderate damage in melee!
You slash the ice beast! The ice beast misses you. x2
You slash the ice beast! Fedhas accepts your kill.
Your Invocations skill increases to level 5!
No target in view!
a - a +0 shortbow (weapon)
Partly explored, can't reach some items and places.
Health restored: 59 Really walk into a travel-excluded area?
There is an open door here.
Things that are here:
a +0 ring mail; a +0 flail Really walk into a travel-excluded area?
There is an open door here.
Things that are here:
a +0 ring mail; a +0 flail The two-headed ogre shouts in stereo!
There is an open door here.
You see here an acid dragon corpse.
Aiming: Paralyse
Press: ? - help, Shift-Dir - straight line, f - two-headed ogre
Aim: a two-headed ogre, wielding a +0 giant spiked club and a +0 giant club (chance to affect: 31%)
Okay, then.
Aiming: Fastroot
Press: ? - help, Shift-Dir - straight line, f - two-headed ogre
Aim: a two-headed ogre, wielding a +0 giant spiked club and a +0 giant club The roots erupt in riotous growth!
Roots grab the two-headed ogre.
The grasping roots constrict the two-headed ogre.
You hear a shout!
The two-headed ogre struggles to escape constriction.
The grasping roots constrict the two-headed ogre!
The two-headed ogre escapes!
Things that are here:
3 poisoned darts; a +0 club
Aiming: Paralyse
Press: ? - help, Shift-Dir - straight line, f/p - two-headed ogre
Aim: a two-headed ogre, wielding a +0 giant spiked club and a +0 giant club (moderately wounded, chance to affect: 31%)
The two-headed ogre easily resists.
Aiming: Paralyse
Press: ? - help, Shift-Dir - straight line, f/p - two-headed ogre
Aim: a two-headed ogre, wielding a +0 giant spiked club and a +0 giant club (moderately wounded, chance to affect: 31%)
The two-headed ogre easily resists.
Aiming: Paralyse
Press: ? - help, Shift-Dir - straight line, f/p - two-headed ogre
Aim: a two-headed ogre, wielding a +0 giant spiked club and a +0 giant club (moderately wounded, chance to affect: 31%)
The two-headed ogre easily resists.
The two-headed ogre closely misses you. x2
The two-headed ogre attacks as you move away!
The two-headed ogre misses you.
The two-headed ogre hits you but does no damage.
There is an open door here.
The two-headed ogre attacks as you move away!
The two-headed ogre hits you with a +0 giant spiked club.
The two-headed ogre misses you.
You take 5 damage, and have 54/59 hp.
The two-headed ogre attacks as you move away!
The two-headed ogre closely misses you.
The two-headed ogre completely misses you.
Aiming: Paralyse
Press: ? - help, Shift-Dir - straight line, f/p - two-headed ogre
Aim: a two-headed ogre, wielding a +0 giant spiked club and a +0 giant club (lightly wounded, chance to affect: 31%)
The two-headed ogre easily resists.
Aiming: Bolt of Light
Press: ? - help, Shift-Dir - straight line, f/p - two-headed ogre
Aim: a two-headed ogre, wielding a +0 giant spiked club and a +0 giant club (lightly wounded, 86% to hit)
The bolt of light hits the two-headed ogre!
The two-headed ogre is blinded.
The two-headed ogre barely misses you.
The two-headed ogre completely misses you.
You shoot an arrow.
The arrow hits the two-headed ogre but does no damage.
The two-headed ogre closely misses you. The two-headed ogre barely misses you.
b - the +9 hand axe of Indomitability (weapon)
{heavy, rElec} You slash the two-headed ogre!
The two-headed ogre is no longer blind.
The two-headed ogre barely misses you.
The two-headed ogre hits you with a +0 giant club.
You take 6 damage, and have 52/59 hp.
You hit the two-headed ogre but do no damage.
The two-headed ogre hits you with a +0 giant spiked club!!
The two-headed ogre hits you with a +0 giant club!!
* * * LOW HITPOINT WARNING * * *
The two-headed ogre completely misses you.
The two-headed ogre hits you with a +0 giant club!
You die...
Fedhas appreciates your contribution to the ecosystem.

.# #.......#...##....... .#
#.......#...#........ .#
#.......#...#......†. .#
#.......#...#.......' .#
#.......#...#.......# .#
#.......#...#.......# .#
##.....##...#.......# .#
##..O..##...#.......# .#
#...@.......'....#### .#
#...........#....#.#. .#
#...........#....##.. .#
#########....##...######...
#######.......#....##...#...##'##
#.............#.........#...#..#.
#.............'.........#...#..#.
#.............#.........#...#..#.
#.............#######...#...##.+.


You could see a two-headed ogre.

Vanquished Creatures
  A hornet (D:7)
  A wraith (D:7)
  2 steam dragons (D:7)
  Edmund (D:5)
  An acid dragon (D:7)
  2 water moccasins (D:7)
  An orc warrior (D:6)
  A black bear (D:5)
  An ice beast (D:7)
  A sky beast (D:7)
  An ogre (D:5)
  A centaur (D:8)
  A phantom (D:5)
  2 kobold brigands (D:7)
  Blork the orc (D:4)
  2 bullfrogs
  A gnoll sergeant (D:5)
  4 necrophages
  A scorpion (D:5)
  A killer bee (D:7)
  A crimson imp (D:5)
  6 orc priests
  A hound (D:7)
  A gnoll bouda (D:5)
  3 iguanas
  4 orc wizards
  Terence (D:3)
  12 gnolls
  3 adders
  2 white imps
  4 dart slugs
  15 orcs
  7 ball pythons
  5 endoplasms
  4 giant cockroaches
  6 goblins
  6 hobgoblins
  17 jackals
  2 quokkas (D:1)
  7 bats
  3 frilled lizards
  11 kobolds
  8 rats
156 creatures vanquished.

Vanquished Creatures (others)
  2 fungi (D:1)
  7 plants (D:1)
9 creatures vanquished.

Grand Total: 165 creatures vanquished

Notes
Turn   | Place    | Note
-------+----------+-------------------------------------------
     0 | D:1      | IndexError the Deep Elf Hunter began the quest for the Orb.
     0 | D:1      | Reached XP level 1. HP: 12/12 MP: 3/3
    79 | D:1      | Reached skill level 6 in Ranged Weapons
    79 | D:1      | Reached XP level 2. HP: 16/16 MP: 4/4
   291 | D:1      | Found a faded altar of an unknown god.
   321 | D:1      | Reached XP level 3. HP: 17/20 MP: 5/5
   923 | D:2      | Reached skill level 7 in Ranged Weapons
  1259 | D:2      | Found Mahefygo's Book Emporium.
  1764 | D:3      | Reached XP level 4. HP: 25/25 MP: 6/6
  1821 | D:3      | Identified the +9 hand axe of Indomitability {heavy, rElec}
  2286 | D:3      | Noticed Terence
  2292 | D:3      | HP: 6/25 [Terence/+0 flail (6)]
  2295 | D:3      | Killed Terence
  2465 | D:4      | Found Neromif's Magic Scroll Shop.
  2473 | D:4      | Reached skill level 8 in Ranged Weapons
  2625 | D:4      | Noticed an ogre
  2778 | D:4      | Reached XP level 5. HP: 29/29 MP: 7/7
  2781 | D:4      | Noticed Blork the orc
  2798 | D:4      | Killed Blork the orc
  2799 | D:4      | Reached skill level 9 in Ranged Weapons
  3104 | D:4      | Found a staircase to the Ecumenical Temple.
  3356 | Temple   | Entered the Ecumenical Temple
  3821 | Temple   | Became a worshipper of Fedhas Madash
  3870 | D:5      | Entered Level 5 of the Dungeon
  3906 | D:5      | Reached XP level 6. HP: 35/35 MP: 8/8
  4033 | D:5      | Reached skill level 2 in Fighting
  4033 | D:5      | Reached skill level 3 in Dodging
  4140 | D:5      | Reached skill level 10 in Ranged Weapons
  4140 | D:5      | Reached skill level 4 in Dodging
  4179 | D:5      | Reached skill level 5 in Dodging
  4179 | D:5      | Reached XP level 7. HP: 37/40 MP: 9/9
  4333 | D:5      | Reached skill level 3 in Fighting
  4361 | D:5      | Reached skill level 6 in Dodging
  4446 | D:5      | Reached * piety under Fedhas
  4568 | D:5      | Reached skill level 7 in Dodging
  4663 | D:5      | Reached skill level 4 in Fighting
  4668 | D:5      | Reached skill level 8 in Dodging
  4733 | D:5      | Reached XP level 8. HP: 46/48 MP: 10/10
  4962 | D:5      | Noticed Edmund
  4977 | D:5      | Killed Edmund
  4978 | D:5      | Reached skill level 9 in Dodging
  5763 | D:6      | You fall into a shaft and drop 2 floors!
  5785 | D:8      | Reached skill level 5 in Fighting
  5785 | D:8      | Reached skill level 10 in Dodging
  6162 | D:7      | Identified a scroll of acquirement
  6162 | D:7      | Acquired a +1 cloak of poison resistance
  6512 | D:7      | Reached ** piety under Fedhas
  6513 | D:7      | Reached skill level 6 in Fighting
  6690 | D:7      | HP: 10/52 [orc priest/+0 flail (6)]
  6856 | D:7      | Reached skill level 1 in Invocations
  6856 | D:7      | Reached XP level 9. HP: 52/56 MP: 11/11
  6905 | D:7      | Reached skill level 7 in Fighting
  6905 | D:7      | Reached skill level 2 in Invocations
  6964 | D:7      | Reached skill level 3 in Invocations
  6997 | D:7      | Noticed a two-headed ogre
  7041 | D:7      | Reached skill level 4 in Invocations
  7849 | D:7      | Reached skill level 5 in Invocations
  7935 | D:7      | HP: 12/59 [two-headed ogre/+0 giant spiked club (18)]
  7935 | D:7      | Slain by a two-headed ogre

Illustrated notes

Levels and vault maps discovered:
D:1:      elethiomel_arrival_maze, layout_rooms,
          shapermc_ecumenical_altar_mp_urbaneastern
D:2:      layout_loops_corners, serial_shops, nicolae_square_shop,
          minmay_misc_feat_roman
D:3:      layout_loops_cross, uniq_terence
D:4:      layout_basic, minmay_temple_entry_drinking_statues, serial_shops,
          shop, uniq_blork_the_orc
D:5:      layout_basic, minmay_fire_ice_demons, uniq_edmund
D:6:      layout_rooms
D:7:      minmay_chambers_of_sevens, layout_gridville,
          chequers_serial_rivers_room_b, hangedman_abyss_or_decor_stabs
D:8:      minmay_razor_zed, layout_basic, zin_purify, serial_glass,
          glass_columns_b, glass_columns_a, glass_columns_c, glass_columns_b
Temple:   mainiacjoe_temple_trianglar_array

Skill      XL: |  1  2  3  4  5  6  7  8  9 |
---------------+----------------------------+-----
Ranged Weapons | 6 7 8 9 10 | 10.0
Fighting       | 2 4 6 7 |  7.9
Dodging        | 5 8 10 | 10.0
Invocations    | 1 5 |  5.1
Stealth        | |  1.2

Action                     |  1- 3 |  4- 6 |  7- 9 || total
---------------------------+-------+-------+-------++-------
  Melee: Hand axe          |       |    11 |    92 ||   103
   Fire: Shortbow          |   119 |   152 |   199 ||   470
 Invoke: Wall of Briars    |       |       |     1 ||     1
  Evoke: Wand              |       |     1 |     6 ||     7
    Use: Scroll            |       |       |    19 ||    19
 Armour: Leather armour    |    22 |    16 |       ||    38
         Robe              |       |     5 |    37 ||    42
  Dodge: Dodged            |    44 |    67 |   201 ||   312

Table legend: (Time is in decaauts)
 A = Elapsed time spent in this place.
 B = Non-inter-level travel time spent in this place.
 C = Inter-level travel time spent in this place.
 D = Time resting spent in this place.
 E = Time spent auto-exploring this place.
 F = Levels seen in this place.
 G = Mean time per level.
                   A        B        C        D        E       F      G
               +--------+--------+--------+--------+--------+-----+--------+
         Total |   8058 |   7360 |    698 |    150 |   5701 |   9 |  895.3 |
       Dungeon |   7563 |   7010 |    553 |    150 |   5353 |   8 |  945.4 |
        Temple |    495 |    350 |    145 |      0 |    348 |   1 |  495.0 |
               +--------+--------+--------+--------+--------+-----+--------+

Top non-repeatable levels by time:
     D:7: 1710 daAuts
     D:5: 1374 daAuts
     D:4: 1037 daAuts
     D:2: 929 daAuts
     D:1: 845 daAuts
     D:3: 804 daAuts
     D:6: 765 daAuts
  Temple: 495 daAuts
     D:8: 95 daAuts

Table legend:
 A = Kills in this place as a percentage of kills in entire the game.
 B = Kills by you in this place as a percentage of kills by you in the entire game.
 C = Kills by friends in this place as a percentage of kills by friends in the entire game.
 D = Other kills in this place as a percentage of other kills in the entire game.
 E = Experience gained in this place as a percentage of experience gained in the entire game.
 F = Experience gained in this place divided by the number of levels of this place that you have seen.
                   A       B       C       D       E      F
               +-------+-------+-------+-------+-------+----------------------
         Total | 100.0 | 100.0 |   N/A |   N/A | 100.0 | 494.6
       Dungeon | 100.0 | 100.0 |   N/A |   N/A | 100.0 | 556.4
               +-------+-------+-------+-------+-------+----------------------
